Map: Kairos Junction LE

Players

eXoroVaNdYy

  • Race: Protoss Protoss
  • League: Diamond
  • Spawn Location: 5:00

Smeeeger - Winner!

  • Race: Zerg Zerg
  • League: Platinum
  • Spawn Location: 11:00

VOD

Have the link to the VOD?

Description

Time

  • Played on: July 7, 2019, 6:33 p.m.
  • Length: 9:51
Show
View Real Time Build Order
Export as new Build Order

eXoroVaNdYy Protoss 

Build Orders: 1 Gate Expand, Forge Fast Expand (FFE) 

Get SALT Encoding   

  12  0:01  Probe  
  13  0:17  Pylon  
  13  0:18  Probe  
  14  0:30  Probe  
  15  0:37  Forge  
  15  0:39  Probe  
  16  0:47  Probe  
  16  0:57  Gateway  
  17  1:27  Nexus  
  17  1:28  Probe  
  18  1:35  Pylon  
  18  1:46  Photon Cannon  
  18  1:51  Assimilator  
  18  2:01  Cybernetics Core  
  20  2:08  Zealot  
  20  2:14  Probe  
  21  2:17  Warp Gate  
  21  2:24  Gateway  
  21  2:30  Probe  
  22  2:39  Probe  
  22  2:42  Probe  
  24  2:59  Assimilator  
  24  3:10  Twilight Council  
  24  3:13  Probe  
  24  3:16  Probe  
  26  3:21  Probe  
  27  3:28  Probe  
  27  3:29  Protoss Ground Weapons Level 1  
  27  3:30  Probe, Assimilator  
  27  3:32  Assimilator  
  27  3:34  Charge  
  29  3:40  Probe  
  30  3:43  Probe  
  31  3:56  Probe x2  
  33  4:06  Zealot  
  33  4:07  Stalker  
  37  4:21  Gateway, Probe x2  
  39  4:24  Pylon  
  39  4:33  Probe  
  39  4:34  Probe  
  41  4:38  Pylon  
  41  4:43  Zealot x2, Pylon  
  45  4:54  Gateway  
  45  4:55  Probe x2  
  47  5:03  Zealot  
  49  5:07  Gateway  
  49  5:14  Stalker  
  50  5:37  Pylon  
  42  5:56  Stalker x3  
  46  5:57  Zealot  
  48  6:07  Stalker  
  48  6:08  Protoss Ground Weapons Level 2  
  50  6:21  Stalker  
  50  6:22  Zealot x2, Stalker  
  50  6:40  Stalker  
  48  7:04  Stalker x5  
  52  7:20  Robotics Facility  
  52  7:23  Blink  
  52  7:24  Gateway  
  52  7:26  Probe x2, Pylon  
  54  7:31  Zealot, Stalker x2  
  54  7:33  Sentry  
  54  7:36  Pylon  
  62  7:37  Sentry  
  62  7:38  Probe  
  50  7:53  Zealot  
  42  8:00  Stalker x3  
  44  8:19  Zealot, Immortal, Stalker  
  44  8:28  Probe x2  
  44  8:33  Stalker x2  
  54  8:36  Sentry x2  
  58  8:46  Robotics Bay  
  58  8:47  Zealot  
  60  8:53  Observer, Stalker  
  63  9:07  Zealot x2  
  63  9:09  Sentry  
  69  9:10  Sentry  
  71  9:23  Zealot x2  
  51  9:40  Zealot x3, Stalker  
Show
View Real Time Build Order
Export as new Build Order

Smeeeger Zerg - Winner!

Build Orders: Hatch First 

Get SALT Encoding   

  12  0:01  Drone  
  13  0:18  Overlord  
  13  0:19  Drone  
  14  0:37  Drone x2  
  14  0:41  Drone  
  17  0:52  Drone  
  18  1:00  Hatchery  
  18  1:02  Drone  
  18  1:06  Extractor  
  17  1:16  Spawning Pool  
  16  1:22  Drone  
  16  1:25  Drone  
  18  1:34  Drone  
  19  1:50  Overlord  
  19  2:03  Queen  
  19  2:05  Zergling x2  
  22  2:08  Zergling x2  
  22  2:11  Queen  
  22  2:12  Zergling x2  
  26  2:17  Metabolic Boost  
  26  2:24  Overlord  
  26  2:25  Overlord  
  26  2:35  Drone x2  
  28  2:40  Drone  
  29  2:47  Queen  
  31  3:03  Hatchery  
  31  3:05  Drone  
  31  3:07  Drone  
  31  3:09  Drone  
  33  3:17  Drone  
  33  3:18  Drone x2  
  36  3:32  Drone x3  
  39  3:34  Drone  
  39  3:35  Drone x2  
  42  3:46  Drone x2  
  42  3:47  Roach Warren  
  43  3:51  Evolution Chamber  
  39  4:21  Drone x4  
  39  4:22  Drone x2  
  45  4:26  Overlord  
  45  4:27  Overlord  
  45  4:30  Extractor  
  44  4:31  Extractor  
  44  4:32  Drone x3  
  44  4:33  Drone x2  
  44  4:34  Drone x2  
  44  4:38  Queen  
  52  4:41  Zerg Missile Weapons Level 1  
  52  4:43  Lair  
  52  4:45  Overlord  
  52  4:46  Roach  
  52  4:48  Roach  
  52  4:49  Roach  
  52  4:52  Roach  
  60  5:08  Drone x4  
  60  5:11  Roach x2  
  60  5:12  Roach x4  
  76  5:19  Drone  
  77  5:23  Evolution Chamber  
  76  5:32  Roach x2  
  76  5:33  Roach  
  78  5:50  Drone x3  
  78  5:51  Drone x2  
  81  5:57  Glial Reconstitution  
  81  6:08  Drone  
  81  6:10  Overlord  
  81  6:11  Overlord x3  
  82  6:21  Queen  
  80  6:32  Zerg Ground Armor Level 1  
  76  6:34  Roach x2  
  76  6:35  Roach x5  
  76  6:36  Roach x5  
  76  6:39  Spine Crawler  
  95  6:42  Spine Crawler  
  95  6:44  Zergling x6  
  95  6:45  Zergling x8  
  99  6:49  Zerg Missile Weapons Level 2  
  93  6:55  Overlord x3  
  91  7:02  Extractor  
  86  7:17  Drone x3  
  86  7:18  Hatchery  
  88  7:28  Drone x4  
  92  7:31  Drone x3, Extractor  
  92  7:32  Overlord x3, Extractor  
  80  7:53  Drone x3  
  77  8:11  Spore Crawler  
  77  8:12  Spore Crawler  
  73  8:14  Spore Crawler  
  68  8:23  Roach  
  68  8:24  Roach x17, Hydralisk Den  
  99  8:39  Queen  
  101  8:44  Drone x8  
  109  8:54  Ravager x2  
  109  8:55  Ravager x6  
  116  9:00  Drone x5  
  116  9:02  Spore Crawler  
  121  9:03  Drone, Spine Crawler  
  121  9:04  Drone x4  
  121  9:08  Overlord x3  
  125  9:16  Drone  
  125  9:17  Drone, Extractor  
  117  9:32  Extractor  
Tags
 
Add a new tag
Caveats
  • Supply blocks, unpowered buildings, or Contaminate may cause inaccurate times.
  • Supply counts are checked every 10 seconds.